AoeStats
← Horizon

Oasis

510116276Analyzed
4v4 RM · 2d ago on Sep 29, 2026· 14m 3s· 8 players
Game mode
Random Map
Map size
Large (8 player)
Population
200
Speed
Normal
Resources
Standard
Victory
Conquest
Starting age
Dark Age
Ending age
Imperial Age
RankedLock teamsTeams togetherTeam positionsShared explorationLock speedFull tech treeHidden civsTurbo modeCheats
Victory
Defeat
🇨🇳 Maya · China
1534
+13
🇨🇳 Magyars · China
1505
+15
🇵🇰 Cumans · Pakistan
1505
+15
1387
+19
🇺🇸 Mongols · United States
1526
-18
🇭🇰 Lithuanians · Hong Kong SAR China
1508
-17
🇧🇷 Varangians · Brazil
1463
-15
🇩🇪 Ethiopians · Germany
1392
-12
l3av3x
7:21 Loom
9:48 Feudal Age
10:33 Double-Bit Axe
11:18 Horse Collar
YOGRANNYCANTSCRAP
8:15 Loom
10:31 Feudal Age
9:40 Loom
egenem17
7:00 Loom
10:03 Feudal Age
11:06 Double-Bit Axe
survivorsteven
9:33 Feudal Age
10:03 Double-Bit Axe
12:37 Horse Collar
小白妈妈
0:26 Loom
9:07 Feudal Age
11:48 Fletching
12:43 Double-Bit Axe
Mr.Robin
9:00 Feudal Age
9:36 Double-Bit Axe
14:03 Bloodlines
哭稀饭(2125613428)
7:57 Loom
11:18 Feudal Age
Horizon
5:53 Loom
8:54 Feudal Age
9:29 Double-Bit Axe
11:11 Town Watch
Connection lost

Rejoining the realm…

Still unreachable

The connection could not be restored.

Session expired

The server has moved on; the page needs a fresh start.